Map: Ruins of Endion

Players

Blord - Winner!

  • Race: Zerg Zerg
  • League: Grandmaster

Miszu

  • Race: Protoss Protoss
  • League: Master

VOD

Have the link to the VOD?

Description

Time

  • Played on: June 13, 2016, 2:25 p.m.
  • Length: 11:08
Show
View Real Time Build Order
Export as new Build Order

Blord Zerg - Winner!

Build Orders: Hatch First 

Get SALT Encoding   

  12  0:00  Drone  
  13  0:12  Overlord  
  13  0:18  Drone  
  14  0:31  Drone x2  
  16  0:40  Drone  
  17  0:53  Hatchery  
  16  0:57  Drone  
  16  0:59  Drone  
  18  1:07  Drone  
  19  1:19  Spawning Pool  
  19  1:23  Drone  
  19  1:25  Extractor  
  18  1:30  Drone  
  19  1:42  Overlord  
  19  2:05  Queen x2  
  19  2:06  Zergling x4  
  25  2:08  Drone  
  25  2:11  Drone  
  28  2:15  Drone  
  28  2:23  Drone  
  28  2:26  Drone  
  28  2:27  Metabolic Boost  
  30  2:33  Drone  
  32  2:37  Drone  
  32  2:44  Overlord  
  32  2:48  Drone  
  33  2:54  Drone  
  34  2:59  Zergling x2  
  34  3:05  Zergling x2  
  36  3:10  Drone  
  37  3:14  Drone  
  37  3:15  Pneumatized Carapace  
  37  3:17  Zergling x8  
  37  3:18  Hatchery  
  41  3:28  Zergling x6  
  44  3:42  Overlord  
  44  3:49  Overlord  
  44  3:56  Evolution Chamber  
  44  4:00  Queen x2  
  47  4:04  Overlord, Zergling x6  
  50  4:27  Drone x4  
  50  4:28  Drone x2  
  56  4:52  Drone x5  
  61  4:54  Extractor x2, Drone  
  61  4:55  Drone x2  
  61  4:57  Lair  
  61  4:58  Extractor  
  61  5:00  Drone  
  61  5:01  Drone x2  
  60  5:25  Drone x2  
  60  5:26  Drone  
  60  5:28  Drone x2  
  60  5:29  Queen x2, Drone x2  
  60  5:32  Spore Crawler  
  60  5:33  Spore Crawler  
  60  5:35  Spore Crawler x2, Drone x2  
  66  5:36  Spore Crawler  
  66  5:37  Spore Crawler  
  66  5:40  Drone x2  
  64  5:46  Drone  
  65  6:00  Spire  
  65  6:01  Drone x5  
  69  6:07  Hydralisk Den, Queen  
  70  6:12  Drone  
  70  6:13  Drone x2  
  70  6:15  Zerg Missile Weapons Level 1  
  72  6:21  Extractor, Drone x2  
  72  6:23  Extractor  
  72  6:34  Overlord x3  
  72  6:39  Spore Crawler  
  67  6:54  Drone x3  
  67  6:58  Muscular Augments  
  67  7:00  Drone x3  
  67  7:01  Drone x2  
  75  7:11  Zergling x14  
  82  7:21  Overlord x5  
  76  7:46  Corruptor x6, Spore Crawler  
  76  7:47  Corruptor  
  76  7:50  Zerg Flyer Armor Level 1  
  89  7:58  Corruptor x2  
  89  8:04  Hydralisk x2  
  97  8:06  Hydralisk  
  97  8:08  Hydralisk  
  97  8:11  Hydralisk  
  101  8:13  Hydralisk  
  101  8:18  Hydralisk  
  105  8:25  Hydralisk x3  
  111  8:30  Hydralisk  
  111  8:31  Hydralisk  
  115  8:34  Hydralisk  
  115  8:37  Hydralisk  
  115  8:39  Hydralisk  
  121  8:48  Overlord x2  
  107  9:25  Corruptor x4  
  107  9:26  Corruptor x5  
  123  9:43  Corruptor  
  123  9:45  Hydralisk  
  125  9:48  Hatchery  
  125  10:02  Hydralisk x4  
  125  10:03  Hydralisk x2  
  137  10:25  Overlord x3  
  137  10:26  Overlord x2  
  137  10:31  Overlord  
  137  10:35  Overlord  
  137  10:39  Overlord  
  135  10:44  Hydralisk  
Show
View Real Time Build Order
Export as new Build Order

Miszu Protoss 

Build Orders: 1 Gate Expand 

Get SALT Encoding   

  12  0:00  Probe (Chrono Boost)  
  13  0:11  Probe (Chrono Boost)  
  14  0:19  Pylon  
  14  0:23  Probe (Chrono Boost)  
  15  0:37  Probe (Chrono Boost)  
  15  0:40  Gateway  
  16  0:48  Probe (Chrono Boost)  
  17  1:10  Nexus  
  17  1:19  Assimilator  
  17  1:20  Probe (Chrono Boost)  
  18  1:31  Cybernetics Core  
  18  1:32  Probe (Chrono Boost)  
  19  1:43  Assimilator, Probe (Chrono Boost)  
  20  1:53  Probe (Chrono Boost)  
  21  2:03  Pylon  
  22  2:09  Adept (Chrono Boost)  
  22  2:12  Warp Gate (Chrono Boost)  
  23  2:21  Pylon  
  23  2:23  Probe (Chrono Boost)  
  23  2:28  Mothership Core  
  26  2:33  Probe  
  27  2:40  Adept (Chrono Boost)  
  27  2:44  Probe  
  29  2:49  Probe  
  31  2:54  Probe  
  32  3:00  Gateway  
  32  3:02  Gateway  
  32  3:06  Probe  
  32  3:08  Probe  
  34  3:16  Probe  
  35  3:20  Probe (Chrono Boost)  
  35  3:26  Adept  
  37  3:30  Probe (Chrono Boost)  
  37  3:32  Probe (Chrono Boost)  
  40  3:41  Pylon  
  40  3:42  Probe (Chrono Boost)  
  40  3:43  Probe (Chrono Boost)  
  41  3:54  Probe (Chrono Boost)  
  42  3:57  Stargate x2  
  42  4:00  Probe (Chrono Boost)  
  44  4:10  Probe (Chrono Boost)  
  44  4:11  Probe (Chrono Boost)  
  44  4:12  Adept x2  
  44  4:13  Adept  
  50  4:27  Probe (Chrono Boost)  
  50  4:28  Probe (Chrono Boost)  
  50  4:31  Assimilator x2  
  52  4:39  Probe x2 (Chrono Boost)  
  54  4:45  Pylon  
  53  5:04  Phoenix x2 (Chrono Boost)  
  57  5:10  Adept  
  57  5:11  Adept  
  61  5:15  Pylon  
  61  5:31  Pylon  
  61  5:33  Probe  
  62  5:36  Pylon  
  62  5:43  Pylon  
  62  5:49  Probe x2  
  68  5:50  Phoenix x2 (Chrono Boost)  
  68  6:02  Probe x2  
  70  6:07  Nexus  
  70  6:08  Pylon  
  70  6:11  Phoenix x2 (Chrono Boost)  
  70  6:17  Probe  
  70  6:18  Probe  
  76  6:23  Stargate  
  76  6:27  Fleet Beacon  
  76  6:29  Probe  
  77  6:33  Phoenix x2 (Chrono Boost)  
  79  6:54  Probe  
  79  6:55  Phoenix x2 (Chrono Boost), Probe  
  79  7:00  Assimilator  
  85  7:06  Assimilator  
  85  7:07  Probe x2  
  87  7:14  Phoenix (Chrono Boost)  
  89  7:17  Phoenix x2 (Chrono Boost)  
  89  7:19  Probe  
  89  7:21  Pylon, Probe  
  89  7:22  Probe  
  96  7:31  Probe x2  
  96  7:34  Probe  
  99  7:40  Tempest (Chrono Boost)  
  99  7:41  Tempest (Chrono Boost)  
  99  7:43  Probe  
  108  7:46  Probe  
  108  7:48  Probe  
  110  7:55  Probe  
  110  7:56  Twilight Council  
  110  7:57  Probe  
  111  8:00  Probe  
  113  8:07  Probe  
  114  8:13  Probe  
  114  8:14  Pylon, Probe  
  116  8:28  Pylon, Probe  
  116  8:31  Pylon  
  116  8:33  Forge, Void Ray (Chrono Boost)  
  125  8:44  Templar Archives, Void Ray (Chrono Boost)  
  125  8:47  Gateway, Void Ray (Chrono Boost)  
  129  8:54  Stalker  
  129  8:55  Stalker x2  
  133  9:17  Void Ray (Chrono Boost)  
  133  9:22  Probe  
  133  9:23  Probe x2  
  140  9:26  Void Ray (Chrono Boost)  
  140  9:32  Probe  
  140  9:35  Pylon  
  140  9:37  Pylon  
  141  9:38  Psionic Storm  
  141  9:48  Pylon  
  141  9:51  Probe  
  141  9:53  Void Ray (Chrono Boost), Probe x2  
  141  9:55  Void Ray (Chrono Boost)  
  150  10:09  Tempest (Chrono Boost)  
  150  10:12  Photon Cannon  
  150  10:13  Photon Cannon  
  150  10:15  Photon Cannon  
  150  10:16  Pylon  
  150  10:19  Photon Cannon  
  146  10:26  Pylon  
  146  10:28  Pylon  
  146  10:31  Tempest (Chrono Boost)  
  146  10:32  High Templar x2  
  158  10:36  Archon  
  158  10:39  Pylon  
Tags
 
Add a new tag
Caveats
  • Supply blocks, unpowered buildings, or Contaminate may cause inaccurate times.
  • Supply counts are checked every 10 seconds.